 Dungeon Crawl Stone Soup version 0.32-a0-290-g598725c5f2 (webtiles) character file.

Game seed: 11871437722474292219

127 Esekla the Grave Robber (level 5, -2/25 HPs)
             Began as a Vine Stalker Necromancer on Feb 13, 2024.
             Slain by an iguana (5 damage)
             ... on level 5 of the Dungeon.
             The game lasted 00:19:48 (1939 turns).

Esekla the Grave Robber (Vine Stalker Necromancer)  Turns: 1939, Time: 00:19:49

Health: -2/25      AC:  2    Str: 11    XL:     5   Next: 11%
Magic:  0/10       EV: 12    Int: 17    God:
Gold:   113        SH:  0    Dex: 14    Spells: 5/9 levels left

rFire   . . .        d - +0 dagger
rCold   . . .        (no shield)
rNeg    + . .        a - +0 robe
rPois   .            (no helmet)
rElec   .            (no cloak)
rCorr   .            (no gloves)
SInv    .            (no boots)
Will    .....        f - amulet of magic regeneration
Stlth   ++           k - ring of positive energy
HPRegen 1.04/turn    (no ring)
MPRegen 0.52/turn

%: guardian spirit
@: no status effects
A: fangs 2, regeneration 1, magic shield, antimagic bite, no potion heal 2
a: no special abilities


You were on level 5 of the Dungeon.
You visited 1 branch of the dungeon, and saw 5 of its levels.

You collected 113 gold pieces.

Inventory:

Hand Weapons
 d - a +0 dagger (weapon)
Armour
 a - a +0 robe (worn)
Jewellery
 f - an amulet of magic regeneration (around neck)
 k - a ring of positive energy (left hand)
Scrolls
 c - 2 scrolls of identify {unknown}
Potions
 b - 4 potions of magic
 e - a potion of degeneration {unknown}
 g - a potion of attraction {unknown}
 h - a potion of curing {unknown}
 i - a potion of invisibility {unknown}
 m - a potion of haste {unknown}


   Skills:
 * Level 1.3 Fighting
 + Level 1.0 Short Blades
 + Level 2.0 Dodging
 + Level 2.9 Stealth
 * Level 2.8 Spellcasting
 * Level 5.0 Necromancy


You had 5 spell levels left.
You knew the following spells:

 Your Spells              Type           Power      Damage    Failure   Level
a - Necrotise             Necr           76%        1d7       2%          1
d - Vampiric Draining     Necr           19%        2d7       7%          3

Your spell library contained the following spells:

 Spells                   Type           Power      Damage    Failure   Level
 Freeze                   Ice            8%         1d3       19%         1
 Animate Dead             Necr           19%        N/A       22%         4
 Frozen Ramparts          Ice            4%         1d1       47%         3
 Gell's Gravitas          Tloc           2%         N/A       47%         3
 Hailstorm                Conj/Ice       2%         3d5       47%         3
 Teleport Other           Tloc           2%         N/A       47%         3
 Curse of Agony           Necr           19%        N/A       52%         5
 Dispersal                Tloc           1%         N/A       100%        6


Dungeon Overview and Level Annotations

Branches:
Dungeon (5/15)
 Temple: D:4-7

Altars:
Kikubaaqudgha
Qazlal
Uskayaw
Wu Jian

Annotations:
D:3 Sigmund
D:5 3 runed translucent doors, Azoth's ghost, novice DEHu


Innate Abilities, Weirdness & Mutations

You have extremely sharp teeth.
Your natural rate of healing is unusually fast.
When hurt, damage is shared between your health and your magic reserves.
Your bite disrupts and absorbs the magic of your enemies.
Potions cannot restore your health.


Message History

You see here an adder corpse.
Found a stone staircase leading up.
There is a stone staircase leading up here.
Found a runed translucent gate.
Found a silvery potion.
Found a scroll labelled NUTETI REO.
g - a silvery potion
Found a helmet.
c - 2 scrolls labelled NUTETI REO (gained 1)
Found a short sword.
An iguana comes into view.
The iguana hisses angrily.
A scorpion comes into view.
The scorpion moves out of view.
The iguana hisses angrily.
You hit the iguana but do no damage. Your bite misses the iguana.
The iguana closely misses you.
You barely miss the iguana. You bite the iguana, but do no damage.
The iguana closely misses you.
You hit the iguana. You bite the iguana, but do no damage.
The iguana is moderately wounded.
The iguana closely misses you.
You barely miss the iguana.
The iguana is moderately wounded.
The iguana bites you!
Casting: Vampiric Draining (quite dangerous; 7% risk of failure)
Confirm with . or Enter, or press ? or * to list all spells.
Aiming: Vampiric Draining (quite dangerous; 7% risk of failure)
Press: ? - help, Shift-Dir - straight line, f - iguana
Aim: an iguana (moderately wounded)
You draw life force from the iguana.
You feel life coursing into your body. The iguana bites you!
You hit the iguana but do no damage.
The iguana is heavily wounded.
The iguana bites you!
* * * LOW HITPOINT WARNING * * *
You hit the iguana. You bite the iguana, but do no damage.
The iguana is heavily wounded.
The iguana bites you.
You die...

..# .......###..# #.#
#..###...###...# #.#
##...#####...#.# #.# #
#..........#.# #.#
###....#....##.# #.###
.####<.##...##.### #...#
...l...###......l# ###.#
.####.####.###.#l# #.# .#
#..........#@# #.# .#
######.#####.# #.# .#
#.#####.# #.# .######
#.##....##########.#
......####.##...............#
#................############
###.#####.######.# ###.#
#.######.# ..†.# #........#


You could see 2 iguanas.

Vanquished Creatures
  An iguana (D:5)
  4 adders
  A ribbon worm (D:4)
  A bat (D:1)
  3 endoplasms
  3 giant cockroaches
  A hobgoblin (D:1)
  6 jackals
  3 kobolds
  4 quokkas
  A ball python (D:4)
  4 goblins
  4 rats (D:1)
36 creatures vanquished.

Notes
Turn   | Place    | Note
-------+----------+-------------------------------------------
     0 | D:1      | Esekla the Vine Stalker Necromancer began the quest for the
                  | Orb.
     0 | D:1      | Reached XP level 1. HP: 9/9 MP: 4/4
   124 | D:1      | Reached XP level 2. HP: 14/14 MP: 3/6
   215 | D:1      | Reached XP level 3. HP: 17/17 MP: 7/7
   247 | D:1      | Learned a level 3 spell: Vampiric Draining
   350 | D:1      | Found a faded altar of an unknown god.
   679 | D:3      | Noticed Sigmund
   747 | D:4      | Found an ornate altar of the Wu Jian Council.
   776 | D:4      | Noticed a +0 falchion
   777 | D:4      | Noticed a +0 dagger
   777 | D:4      | Noticed a +0 spear
   778 | D:4      | Noticed a +0 short sword
   778 | D:4      | Noticed a +0 short sword
   778 | D:4      | Noticed a +0 dagger
   779 | D:4      | Noticed a +0 falchion
   779 | D:4      | Noticed a +0 spear
   790 | D:4      | Found a hide-covered altar of Uskayaw.
   807 | D:4      | Reached skill level 1 in Fighting
   807 | D:4      | Reached XP level 4. HP: 6/22 MP: 3/8
   967 | D:4      | Found an ancient bone altar of Kikubaaqudgha.
  1137 | D:4      | Noticed a scorpion
  1236 | D:5      | Entered Level 5 of the Dungeon
  1238 | D:5      | Noticed an ice beast
  1420 | D:5      | Noticed Azoth's ghost (novice DEHu)
  1448 | D:5      | Noticed an ogre
  1478 | D:5      | Found a stormy altar of Qazlal.
  1489 | D:5      | Reached skill level 1 in Short Blades
  1489 | D:5      | Reached skill level 5 in Necromancy
  1489 | D:5      | Reached XP level 5. HP: 25/25 MP: 2/10
  1817 | D:5      | Found a runed translucent gate.
  1817 | D:5      | Found a runed translucent gate.
  1817 | D:5      | Found a runed translucent gate.
  1939 | D:5      | Slain by an iguana

Illustrated notes

Levels and vault maps discovered:
D:1:      lemuel_arrival_behind_the_door_large, layout_loops_ring,
          dreamdust_ecumenical_altar_statues
D:2:      layout_basic, minivault_27, minmay_unequal
D:3:      layout_rooms, grunt_dithmenos_smoke_and_mirrors, minivault_26,
          uniq_sigmund, uniq_terence, uniq_robin
D:4:      layout_rooms, nicolae_uskayaw_en_pointe,
          mainiacjoe_overflow_small_starburst, overflow_temple_1_default
D:5:      layout_loops_ring, nicolae_qazlal_eye_of_the_storm,
          gammafunk_ghost_icy, minmay_misc_feat_rows, kennysheep_generic_room_4

Skill      XL: |  1  2  3  4 |
---------------+-------------+-----
Fighting       | 1 |  1.3
Short Blades   | 1 |  1.0
Dodging        | 2 |  2.0
Necromancy     | 5 |  5.0
Stealth        | |  2.9
Spellcasting   | |  2.8

Action                     |  1- 3 |  4- 6 || total
---------------------------+-------+-------++-------
  Melee: Unarmed           |    44 |       ||    44
         Bite              |    26 |    22 ||    48
         Dagger            |    70 |    65 ||   135
   Cast: Vampiric Draining |     1 |     5 ||     6
    Use: Scroll            |       |     4 ||     4
   Stab: Sleeping          |     2 |     1 ||     3
 Armour: Robe              |    60 |    27 ||    87
  Dodge: Dodged            |    81 |    39 ||   120

Table legend: (Time is in decaauts)
 A = Elapsed time spent in this place.
 B = Non-inter-level travel time spent in this place.
 C = Inter-level travel time spent in this place.
 D = Time resting spent in this place.
 E = Time spent auto-exploring this place.
 F = Levels seen in this place.
 G = Mean time per level.
                   A        B        C        D        E       F      G
               +--------+--------+--------+--------+--------+-----+--------+
         Total |   1937 |   1937 |      0 |    340 |      0 |   5 |  387.4 |
       Dungeon |   1937 |   1937 |      0 |    340 |      0 |   5 |  387.4 |
               +--------+--------+--------+--------+--------+-----+--------+

Top non-repeatable levels by time:
     D:1: 620 daAuts
     D:5: 617 daAuts
     D:4: 589 daAuts
     D:2: 59 daAuts
     D:3: 50 daAuts
